 Dungeon Crawl Stone Soup version 0.31.0-11-ge490571c62 (webtiles) character file.

Game seed: 2931280509919382826

39 qw the Shooter (level 3, -6/20 HPs)
             Began as a Deep Elf Hunter on Feb 3, 2024.
             Mangled by Sigmund
             ... wielding a +0 scythe
              (10 damage)
             ... on level 2 of the Dungeon.
             The game lasted 00:00:01 (484 turns).

qw the Shooter (Deep Elf Hunter)                     Turns: 484, Time: 00:00:02

Health: -6/20      AC:  3    Str: 10    XL:     3   Next: 28%
Magic:  5/5        EV: 12    Int: 13    God:
Gold:   42         SH:  0    Dex: 18    Spells: 2/2 levels left

rFire   . . .        a - +0 shortbow
rCold   . . .        (shield currently unavailable)
rNeg    . . .        c - +0 leather armour
rPois   .            (no helmet)
rElec   .            (no cloak)
rCorr   .            (no gloves)
SInv    .            (no boots)
Will    .....        (no amulet)
Stlth   ++           (no ring)
HPRegen 0.23/turn    (no ring)
MPRegen 0.09/turn

%: no passive effects
@: no status effects
A: no striking features
a: no special abilities


You were on level 2 of the Dungeon.
You visited 1 branch of the dungeon, and saw 2 of its levels.

You collected 42 gold pieces.


   Skills:
 - Level 1.5 Fighting
 + Level 6.9 Ranged Weapons
 - Level 2.4 Dodging
 - Level 1.2 Stealth


You had 2 spell levels left.
You didn't know any spells.
Your spell library was empty.

Inventory:

Hand Weapons
 a - a +0 shortbow (weapon)
Armour
 c - a +0 leather armour (worn)
 g - a +0 ring mail
Jewellery
 h - a +4 ring of protection
Scrolls
 b - a scroll of butterflies
 d - 2 scrolls of teleportation {unknown}
 f - 2 scrolls of identify {unknown}
 i - a scroll of poison {unknown}
 j - a scroll of enchant armour {unknown}
 l - a scroll of enchant weapon {unknown}
Potions
 e - a potion of attraction {unknown}
 k - a potion of heal wounds {unknown}

Dungeon Overview and Level Annotations

Branches:
Dungeon (1/15)

Altars:

Annotations:
D:2 Sigmund


Message History

The jackal is severely wounded.
You shoot an arrow.
The arrow hits the jackal but does no damage.
The jackal is severely wounded.
You shoot an arrow. The arrow hits the jackal.
The jackal is almost dead.
You shoot an arrow. The arrow barely misses the jackal.
You shoot an arrow. The arrow hits the jackal!
You kill the jackal!
Found a stone staircase leading down.
A ball python comes into view.
You shoot an arrow.
The arrow hits the ball python but does no damage.
The ball python hisses angrily.
You shoot an arrow.
The arrow completely misses the ball python.
Sigmund the Dreaded comes into view.
He is wielding a +0 scythe.
You shoot an arrow.
Sigmund shouts!
The arrow hits the ball python.
You kill the ball python!
You shoot an arrow. The arrow completely misses Sigmund.
You shoot an arrow. The arrow barely misses Sigmund.
You shoot an arrow. The arrow hits Sigmund.
Sigmund is lightly wounded.
You shoot an arrow. The arrow closely misses Sigmund.
You shoot an arrow. The arrow closely misses Sigmund.
Sigmund hits you from afar with a +0 scythe!
You shoot an arrow.
The arrow hits Sigmund but does no damage.
Sigmund is lightly wounded.
Sigmund hits you from afar with a +0 scythe!
Ouch! That really hurt!
You shoot an arrow. The arrow hits Sigmund!
Sigmund is heavily wounded.
You shoot an arrow. The arrow closely misses Sigmund.
Sigmund hits you from afar with a +0 scythe!
Ouch! That really hurt!
You die...
Sigmund begins carving another notch in his scythe.

..........# #.#.......#
#.##.####.###### .
#.......#......## ..
##%#.##.#.......#####..#
...#.##.#...............
##.#....#......%........
.#.####.#...#.........#
.#...####.#.....@$$...#
..........#.#....$}$.##
.#...######.#.#+@$$.....
.#.###### #.#.......$...
...............%.....>.#
.#.####### .#...........
.#.# #.#..........# .#..
# ........... .##.#


You could see Sigmund.

Vanquished Creatures
  2 adders (D:2)
  3 endoplasms (D:1)
  A goblin (D:1)
  2 jackals (D:2)
  A kobold (D:1)
  A quokka (D:1)
  5 ball pythons
  3 bats
  2 frilled lizards
20 creatures vanquished.

Notes
Turn   | Place    | Note
-------+----------+-------------------------------------------
     0 | D:1      | qw the Deep Elf Hunter began the quest for the Orb.
     0 | D:1      | Reached XP level 1. HP: 12/12 MP: 3/3
     0 | D:1      | 0 ||| qw: Version: 0.3-a-158-g18b3111
     0 | D:1      | 0 ||| qw: Game counter: 4047
     0 | D:1      | 0 ||| qw: Melee chars always use a shield: true
     0 | D:1      | 0 ||| qw: God list: Okawaru
     0 | D:1      | 0 ||| qw: Allow faded altars: false
     0 | D:1      | 0 ||| qw: Do Orc after clearing Dungeon:15 true
     0 | D:1      | 0 ||| qw: Do second Lair branch before Depths: true
     0 | D:1      | 0 ||| qw: Lair rune preference: random
     0 | D:1      | 0 ||| qw: Goals: Normal
     0 | D:1      | 0 ||| PLANNING D:1-11
   183 | D:1      | Found a faded altar of an unknown god.
   263 | D:1      | Reached XP level 2. HP: 16/16 MP: 4/4
   266 | D:1      | Reached skill level 6 in Ranged Weapons
   311 | D:1      | You fall into a shaft and drop 1 floor!
   404 | D:2      | Reached XP level 3. HP: 13/20 MP: 5/5
   475 | D:2      | Noticed Sigmund
   482 | D:2      | HP: 4/20 [Sigmund/+0 scythe (10)]
   484 | D:2      | Mangled by Sigmund

Levels and vault maps discovered:
D:1:      dpeg_arrival_rooms_a, layout_loops_ring,
          hellmonk_ecumenical_altar_blasted, st_stairs_8
D:2:      layout_basic, nicolae_kite_square_tiling_tiny, dreamdust_wishing_well,
          minmay_small_reverse_x, uniq_sigmund, uniq_crazy_yiuf_cottage,
          uniq_jessica

Skill      XL: |  1  2 |
---------------+-------+-----
Ranged Weapons | 6 |  6.9
Fighting       | |  1.5
Dodging        | |  2.4
Stealth        | |  1.2

Action                     || total
---------------------------++-------
   Fire: Shortbow          ||    71
 Armour: Leather armour    ||    13
  Dodge: Dodged            ||    16

Table legend:
 A = Non-vault XP
 B = Vault XP
 C = Vault XP percentage of total XP
 D = Non-vault monster count
 E = Vault monster count
 F = Vault count percentage of total count
                 A         B        C        D         E       F
            +---------+---------+-------+---------+---------+-------
      Total |      51 |       6 |  10.5 |      16 |       4 |  20.0
            +---------+---------+-------+---------+---------+-------
        D:1 |      15 |       0 |   0.0 |       9 |       0 |   0.0
        D:2 |      36 |       6 |  14.3 |       7 |       4 |  36.4
            +---------+---------+-------+---------+---------+-------
